 Dungeon Sprint DCSS version 0.32-a0-473-gd044c6f0f0 (webtiles) character file.

Game seed: 12595507649845657070

658 rocky1 the Basher (level 7, -5/83 HPs)
             Began as an Oni Gladiator on Feb 26, 2024.
             Was an Initiate of Gozag.
             Slain by a two-headed ogre
             ... wielding a +0 dire flail
              (21 damage)
             ... in the Dungeon (Sprint IX: "|||||||||||||||||||||||||||||").
             The game lasted 00:03:04 (538 turns).

rocky1 the Basher (Oni Gladiator)                    Turns: 538, Time: 00:03:04

Health: -5/83      AC: 12    Str: 21    XL:     7   Next: 55%
Magic:  7/7        EV: 14    Int:  9    God:    Gozag
Gold:   0          SH:  0    Dex: 10    Spells: 6/6 levels left

rFire   . . .        o - +2 dire flail (protect)
rCold   . . .        (shield currently unavailable)
rNeg    . . .        b - +0 robe
rPois   .            c - +0 hat
rElec   .            (no cloak)
rCorr   .            (gloves unavailable)
SInv    .            (boots unavailable)
Will    .....        (no amulet)
Stlth   ++           q - +2 ring of protection
HPRegen 0.33/turn    r - +2 ring of evasion
MPRegen 0.10/turn

%: no teleportation
@: gold aura, under a protective aura, on berserk cooldown, slowed, very slow
A: large, unfitting armour, horns 1, tough skin 1, double potion healing,
drunken brawling
a: Renounce Religion, Potion Petition, Call Merchant, Bribe Branch


You were in the Dungeon.
You worshipped Gozag.
Gozag was noncommittal.
You visited 1 branch

Inventory:

Hand Weapons
 a - a +0 flail
 o - a +2 dire flail of protection (weapon)
 p - a +1 heavy broad axe
Missiles
 d - a throwing net (quivered)
 e - a large rock
Armour
 b - a +0 robe (worn)
 c - a +0 hat (worn)
Jewellery
 q - a +2 ring of protection (left hand)
 r - a +2 ring of evasion (right hand)
Wands
 n - a wand of iceblast (10)
Scrolls
 l - 2 scrolls of amnesia
 m - a scroll of blinking
Potions
 f - a potion of invisibility
 g - 2 potions of heal wounds
 h - a potion of haste
 i - 4 potions of magic
 k - 4 potions of curing


   Skills:
 + Level 9.4 Fighting
 + Level 10.7 Maces & Flails
 + Level 4.6 Throwing
 + Level 8.5 Dodging
 + Level 2.2 Stealth


You had 6 spell levels left.
You didn't know any spells.
Your spell library was empty.

Dungeon Overview and Level Annotations

Branches:
Dungeon (1/1)

Altars:
Cheibriados
Dithmenos
Elyvilon
Fedhas
Gozag
Hepliaklqana
Kikubaaqudgha
Makhleb
Nemelex Xobeh
Okawaru
Qazlal
Ru
Sif Muna
Trog
Uskayaw
Vehumet
Wu Jian
Xom
Yredelemnul
Zin
The Shining One
Beogh
Jiyva
Lugonu


Innate Abilities, Weirdness & Mutations

You are too large for most types of armour.
You have a pair of small horns on your head.
You have tough skin. (AC +1)
You gain doubled healing and magic from potions.
Whenever you drink a healing potion, you attack all around you.


Message History

The kobold brigand hits you with a +0 short sword.
You see here 189 gold pieces.
You impale the kobold brigand!!
The kobold brigand is almost dead.
The vampire mosquito is distracted by your dazzling golden aura.
The kobold brigand hits you with a +0 short sword!
The vampire mosquito buzzes angrily.
You impale the kobold brigand!!
You kill the kobold brigand!
Your Maces & Flails skill increases to level 10!
Things that are here:
63 gold pieces; a +0 short sword; 4 poisoned darts You puncture the vampire mosquito!
The vampire mosquito is no longer distracted by gold.
The vampire mosquito is heavily damaged.
The vampire mosquito bites you.
The vampire mosquito draws strength from your injuries!
You hit the vampire mosquito.
Your headbutt misses the vampire mosquito.
The vampire mosquito is heavily damaged.
The vampire mosquito is distracted by your dazzling golden aura.
You closely miss the vampire mosquito.
The vampire mosquito is no longer distracted by gold.
You headbutt the vampire mosquito.
The vampire mosquito is severely damaged.
The vampire mosquito closely misses you.
You puncture the vampire mosquito!
You destroy the vampire mosquito!
Your Fighting skill increases to level 9!
You bludgeon the two-headed ogre!!
Your headbutt misses the two-headed ogre.
The two-headed ogre is heavily wounded.
You are no longer berserk.
You are exhausted.
You feel yourself slow down.
The two-headed ogre hits you with a +0 dire flail!!
* * * LOW HITPOINT WARNING * * *
The two-headed ogre hits you with a +0 giant spiked club!!
You die...
Your body crumbles into a pile of gold. ▓▓▓▓▓▓▓▓▓▓▓▓▓▓▓▓▓▓▓▓▓▓ ____'..).[[[..$$@Ok..+ ▓▓▓▓▓▓▓▓▓▓▓▓▓▓▓▓▓▓▓▓▓▓

You could see a two-headed ogre and a wyvern.

Vanquished Creatures
  A komodo dragon (D)
  A yak (D)
  A vampire mosquito (D)
  A kobold brigand (D)
  A bombardier beetle (D)
  A gnoll bouda (D)
  A hound (D)
  A shadow imp (D)
  An orc (D)
  A ball python (D)
  An endoplasm (D)
  A goblin (D)
  A hobgoblin (D)
  A bat (D)
14 creatures vanquished.

Notes
Turn   | Place    | Note
-------+----------+-------------------------------------------
     0 | D        | rocky1 the Oni Gladiator began the quest for the Orb.
     0 | D        | Reached XP level 1. HP: 22/22 MP: 1/1
   151 | D        | Noticed a gnoll bouda
   151 | D        | Noticed a hound
   151 | D        | Noticed a bombardier beetle
   160 | D        | Reached XP level 2. HP: 19/31 MP: 2/2
   174 | D        | Reached skill level 5 in Maces & Flails
   174 | D        | Reached XP level 3. HP: 25/39 MP: 3/3
   189 | D        | Reached skill level 5 in Dodging
   189 | D        | Reached XP level 4. HP: 10/49 MP: 4/4
   333 | D        | Reached skill level 5 in Fighting
   333 | D        | Reached skill level 6 in Maces & Flails
   471 | D        | Found a roughly hewn altar of Beogh.
   471 | D        | Found a snail-covered altar of Cheibriados.
   471 | D        | Found a shadowy altar of Dithmenos.
   471 | D        | Found a white marble altar of Elyvilon.
   471 | D        | Found a blossoming altar of Fedhas.
   471 | D        | Found an opulent altar of Gozag.
   472 | D        | Found a hazy altar of Hepliaklqana.
   473 | D        | Found a viscous altar of Jiyva.
   474 | D        | Found an ancient bone altar of Kikubaaqudgha.
   475 | D        | Found a corrupted altar of Lugonu.
   476 | D        | Found a burning altar of Makhleb.
   477 | D        | Found a sparkling altar of Nemelex Xobeh.
   478 | D        | Found an iron altar of Okawaru.
   479 | D        | Became a worshipper of Gozag Ym Sagoz the Greedy
   480 | D        | Found a stormy altar of Qazlal.
   481 | D        | Found a sacrificial altar of Ru.
   482 | D        | Found a shimmering blue altar of Sif Muna.
   483 | D        | Found a bloodstained altar of Trog.
   484 | D        | Found a hide-covered altar of Uskayaw.
   485 | D        | Found a radiant altar of Vehumet.
   486 | D        | Found an ornate altar of the Wu Jian Council.
   487 | D        | Found a shimmering altar of Xom.
   488 | D        | Found a basalt altar of Yredelemnul.
   489 | D        | Found a glowing silver altar of Zin.
   490 | D        | Found a glowing golden altar of the Shining One.
   519 | D        | Noticed a komodo dragon
   519 | D        | Noticed a yak
   519 | D        | Noticed a kobold brigand
   519 | D        | Noticed a vampire mosquito
   519 | D        | Noticed a wyvern
   519 | D        | Noticed a two-headed ogre
   525 | D        | Killed a komodo dragon
   526 | D        | Reached skill level 9 in Maces & Flails
   526 | D        | Reached skill level 1 in Stealth
   526 | D        | Reached XP level 5. HP: 55/63 MP: 5/5
   526 | D        | Reached XP level 6. HP: 63/72 MP: 6/6
   529 | D        | Killed a yak
   530 | D        | Reached XP level 7. HP: 62/81 MP: 7/7
   533 | D        | Reached skill level 10 in Maces & Flails
   537 | D        | Killed a vampire mosquito
   538 | D        | Slain by a two-headed ogre

Illustrated notes

Levels and vault maps discovered:
D:        linesprint [early_d, line_temple, items_1, d_10, items_2, lair_1,
          lair_end, items_3, orc_1, orc_end, items_4, d_15, swamp_1, shoals_1,
          snake_1, spider_1, d_20, vaults_1, items_5, swamp_end, shoals_end,
          snake_end, spider_end, vaults_end, d_27, items_6, zot_1, zot_end,
          crypt_end, forest_end, elf_end, slime_end, tomb_end, abyss_end,
          pan_hell_end]

Skill      XL: |  1  2  3  4  5  6  7 |
---------------+----------------------+-----
Dodging        | 3 4 5 7 8 |  8.5
Fighting       | 3 4 7 8 9 |  9.4
Maces & Flails | 5 9 10 | 10.7
Throwing       | 4 |  4.6
Stealth        | 1 2 |  2.2

Action                     |  1- 3 |  4- 6 |  7- 9 || total
---------------------------+-------+-------+-------++-------
  Melee: Flail             |    42 |    11 |       ||    53
         Headbutt          |     4 |     3 |     1 ||     8
         Dire flail        |       |     8 |     7 ||    15
  Throw: Throwing net      |     3 |       |       ||     3
    Use: Potion            |     2 |     1 |       ||     3
         Scroll            |       |     1 |       ||     1
   Stab: Held in net/web   |     1 |       |       ||     1
 Armour: Robe              |    30 |    10 |     5 ||    45
  Dodge: Dodged            |    18 |     5 |     1 ||    24

Table legend: (Time is in decaauts)
 A = Elapsed time spent in this place.
 B = Non-inter-level travel time spent in this place.
 C = Inter-level travel time spent in this place.
 D = Time resting spent in this place.
 E = Time spent auto-exploring this place.
 F = Levels seen in this place.
 G = Mean time per level.
                   A        B        C        D        E       F      G
               +--------+--------+--------+--------+--------+-----+--------+
         Total |    539 |    539 |      0 |    367 |      0 |   1 |  539.0 |
       Dungeon |    539 |    539 |      0 |    367 |      0 |   1 |  539.0 |
               +--------+--------+--------+--------+--------+-----+--------+

Top non-repeatable levels by time:
       D: 539 daAuts
